 Dungeon Crawl Stone Soup version 0.21-a0-394-gdc75ea7 (webtiles) character file.

70 theanonym the Stinger (level 4, -4/28 HPs)
             Began as an Octopode Venom Mage on Oct 18, 2017.
             Slain by an adder (5 damage)
             ... on level 2 of the Dungeon.
             The game lasted 00:06:31 (1877 turns).

theanonym the Stinger (Octopode Venom Mage)         Turns: 1877, Time: 00:06:32

Health: -4/28      AC:  1    Str:  7    XL:     4   Next: 21%
Magic:  5/7        EV: 13    Int: 18    God:
Gold:   94         SH:  0    Dex: 12    Spells: 7/8 levels left

rFire    . . .     SeeInvis .   e - +0 dagger
rCold    . . .     Gourm    .   (no shield)
rNeg     . . .     Faith    .   (helmet restricted)
rPois    .         Spirit   .   (no amulet)
rElec    .         Reflect  .   (no ring)
rCorr    .         Harm     .   (no ring)
MR       .....                  (no ring)
Stlth    +++.......             (no ring)
HPRegen  0.09/turn              (no ring)
MPRegen  0.10/turn              (no ring)
                                (no ring)
                                (no ring)

@: lethally poisoned (-4 -> -5)
A: almost no armour, stealthy swim, amphibious, 8 rings, constrict 8, camouflage
1, gelatinous body 1
a: no special abilities


You were on level 2 of the Dungeon.
You were not hungry.

You visited 1 branch of the dungeon, and saw 2 of its levels.

You collected 94 gold pieces.

Inventory:

Hand Weapons
 e - a +0 dagger (weapon)
   (You took it off a goblin on level 1 of the Dungeon)
Scrolls
 d - 3 scrolls of identify {unknown}
 h - a scroll of enchant armour {unknown}
 j - a scroll of random uselessness {unknown}
 k - a scroll of teleportation {unknown}
Potions
 g - 2 potions of haste
Books
 a - a Young Poisoner's Handbook

   Spells                             Type                      Level
   a - Sting                          Conjuration/Poison           1
   b - Poisonous Vapours              Poison/Air                   2
   c - Mephitic Cloud                 Conjuration/Poison/Air       3
   d - Olgreb's Toxic Radiance        Poison                       4
   e - Venom Bolt                     Conjuration/Poison           5
Comestibles
 b - 2 bread rations
 f - 2 fruits


   Skills:
 + Level 1.5 Fighting
 - Level 2.0 Dodging
 - Level 2.6 Stealth
 + Level 2.6 Spellcasting
 + Level 2.0 Conjurations
 + Level 4.3 Poison Magic


You had 7 spell levels left.
You knew the following spells:

 Your Spells              Type           Power        Failure   Level  Hunger
a - Sting                 Conj/Pois      ##..         4%          1    #......


Dungeon Overview and Level Annotations

Branches:
Dungeon (2/15)

Altars:
The Shining One


Innate Abilities, Weirdness & Mutations

You cannot wear most types of armour.
You are very stealthy in the water. (Stealth+)
You are amphibious.
You can wear up to eight rings at the same time.
You can use your tentacles to constrict eight enemies at once.
Your skin changes colour to match your surroundings (Stealth+).
Your rubbery body absorbs attacks. (AC +1, EV +1)


Message History

You kill the giant cockroach!
Health restored: 23 Your magical contamination has completely faded away.
You now have 83 gold pieces (gained 4).
You now have 90 gold pieces (gained 7).
You see here 19 stones.
j - a scroll labeled DAURUQ IHUAWN MP restored: 6 A hobgoblin comes into view.
It is wielding a club.
Found a scroll labeled YNUTZI GIAZA, 42 sling bullets and a leather armour.
A hobgoblin is nearby!
A hobgoblin is nearby!
A hobgoblin is nearby!
A hobgoblin is nearby!
You can't see any susceptible monsters within range! (Use Z to cast anyway.) Unknown command.
Found a shield and 4 gold pieces.
Aim: a hobgoblin, wielding a club (resting)
The sting hits the hobgoblin.
You now have 5/6 mp.
Aim: a hobgoblin, wielding a club (heavily wounded)
The sting hits the hobgoblin.
You now have 4/6 mp.
Aim: a hobgoblin, wielding a club (severely wounded)
The sting hits the hobgoblin.
You kill the hobgoblin!
You now have 3/6 mp.
Key pressed, stopping explore.
d - 3 scrolls labeled YNUTZI GIAZA (gained 1)
You see here a leather armour.
k - a scroll labeled UNETIUH TIBED You see here 15 sling bullets.
MP restored: 6 You see here a leather armour.
You see here 27 sling bullets.
You now have 94 gold pieces (gained 4).
Found a stone staircase leading down.
A hound comes into view.
A hound is nearby!
The hound barks!
An adder comes into view.
A worm comes into view.
Aim: a hound The sting hits the hound.
The hound is poisoned.
The adder hisses angrily.
The hound bites you.
You take 2 damage, and have 21/23 hp.
You now have 5/6 mp.
The hound closely misses you.
Aim: a hound (moderately wounded, poisoned)
The sting hits the hound.
The hound looks even sicker.
The hound bites you.
You take 1 damage, and have 20/23 hp.
You now have 4/6 mp.
The hound closely misses you.
Aim: a hound (heavily wounded, poisoned)
The sting hits the hound.
The hound looks even sicker.
The hound bites you.
You take 4 damage, and have 16/23 hp.
You now have 3/6 mp.
Aim: a hound (severely wounded, poisoned)
The sting hits the hound.
The hound looks as sick as possible!
* * * LOW MAGIC WARNING * * *
The hound bites you.
* * * LOW HITPOINT WARNING * * *
The hound bites you.
* * * LOW HITPOINT WARNING * * *
You take 12 damage, and have 4/23 hp.
MASSIVE DAMAGE!!
You now have 2/6 mp.
You kill the hound!
Your Conjurations skill increases to level 2!
You have reached level 4!
The adder closely misses you. The adder bites you but does no damage.
The adder bites you.
* * * LOW HITPOINT WARNING * * *
You take 1 damage, and have 5/28 hp.
All of the chunks of flesh in your inventory have rotted away.
The adder bites you.
* * * LOW HITPOINT WARNING * * *
You are poisoned.
The adder poisons you!
It was a potion of haste.
You feel yourself speed up.
* * * LOW HITPOINT WARNING * * *
You feel sick. The adder bites you.
* * * LOW HITPOINT WARNING * * *
You take 2 damage, and have 3/28 hp.
It was a potion of cancellation.
Your magical effects are unravelling.
You feel magically purged.
You feel yourself slow down.
* * * LOW HITPOINT WARNING * * *
You feel sick.
You take 1 damage, and have 2/28 hp.
Unknown command.
Unknown command.
The adder misses you.
Okay, then.
Unknown command.
* * * LOW HITPOINT WARNING * * *
You feel sick.
You take 1 damage, and have 1/28 hp.
The adder bites you.
You die...

#........##....รท.....##.......
#........##..........##.......
#[..)....##..........#........
#........###...)....##.#......
#........####........#.#......
####.............................
..######.#######.......<.##......
......#..#######.........(#......
..###..........S@..............>.
..# ###.########................(
### #.# ####................. #
#.# ##.................... # #.#
..............#....... # #.#
................##.#.. # #.#
.....................# # #.#
.............<####)### # #.#
......#............###


You could see an adder.

Vanquished Creatures
  A hound (D:2)
  An adder (D:2)
  An ooze (D:1)
  A dart slug (D:1)
  A leopard gecko (D:1)
  A ball python (D:1)
  2 bats
  A giant cockroach (D:2)
  6 goblins
  4 hobgoblins (D:2)
  A kobold (D:1)
  4 rats
24 creatures vanquished.

Notes
Turn   | Place    | Note
-------+----------+-------------------------------------------
     0 | D:1      | theanonym the Octopode Venom Mage began the quest for the Orb.
     0 | D:1      | Reached XP level 1. HP: 11/11 MP: 3/3
   243 | D:1      | Reached XP level 2. HP: 18/18 MP: 3/5
   544 | D:1      | Reached skill level 4 in Poison Magic
   792 | D:1      | Found a glowing golden altar of the Shining One.
   921 | D:2      | Reached skill level 1 in Fighting
  1029 | D:2      | Noticed a crimson imp
  1043 | D:2      | Reached XP level 3. HP: 16/23 MP: 0/6
  1853 | D:2      | Reached skill level 2 in Conjurations
  1853 | D:2      | Reached XP level 4. HP: 5/28 MP: 2/7
  1872 | D:2      | HP: 2/28 [poisoned by an adder]
  1877 | D:2      | Slain by an adder

Vault maps used:
D:1:      zaba_arrival_water, tso_metal_star
D:2:      minmay_overflow_temple_star_quad

Skill      XL: |  1  2  3 |
---------------+----------+-----
Poison Magic   | 4 |  4.3
Fighting       | 1 |  1.5
Conjurations   | 2 |  2.0
Dodging        | |  2.0
Stealth        | |  2.6
Spellcasting   | |  2.6

Action                   |  1- 3 |  4- 6 || total
-------------------------+-------+-------++-------
Melee: Short sword       |     4 |       ||     4
       Constrict         |     5 |       ||     5
       Tentacles         |     8 |       ||     8
       Dagger            |    36 |       ||    36
 Cast: Sting             |    53 |       ||    53
  Use: Potion            |       |     2 ||     2
  Eat: Chunk             |     3 |       ||     3
Armor: Skin              |     8 |     1 ||     9
Dodge: Dodged            |    32 |     2 ||    34

Table legend:
 A = Spawn XP
 B = Non-spawn XP
 C = Spawn XP percentage of total XP
 D = Spawn monster count
 E = Non-spawn monster count
 F = Spawn count percentage of total count
 G = Total turns spent on level
                    A         B        C        D         E        F      G
               +---------+---------+-------+---------+---------+-------+---------
         Total |       0 |     100 |   0.0 |       0 |      24 |   0.0 |  1877
               +---------+---------+-------+---------+---------+-------+---------
           D:1 |       0 |      29 |   0.0 |       0 |      12 |   0.0 |  1445
           D:2 |       0 |      71 |   0.0 |       0 |      12 |   0.0 |   432
               +---------+---------+-------+---------+---------+-------+---------
